 Dungeon Crawl Stone Soup version 0.28-a0-1447-ga5a8893891 (webtiles) character file.

Game seed: 7694236016106324260

2297 shoop the Fighter (level 9, -3/68 HPs)
             Began as a Tengu Conjurer on Jan 10, 2022.
             Was a High Priest of Ignis.
             Slain by Maggie (10 damage)
             ... on level 7 of the Dungeon.
             The game lasted 00:21:10 (8336 turns).

shoop the Fighter (Tengu Conjurer)                  Turns: 8336, Time: 00:21:11

Health: -3/68      AC: 10    Str:  8    XL:     9   Next: 40%
Magic:  6/17       EV: 13    Int: 23    God:    Ignis [*****.]
Gold:   298        SH:  0    Dex: 12    Spells: 8/18 levels left

rFire   + . .      SeeInvis .   s - +1 hand axe (vorpal)
rCold   . . .      Faith    .   A - orb {light}
rNeg    . . .      Spirit   .   d - +0 leather armour
rPois   .          Reflect  .   (helmet restricted)
rElec   .          Harm     .   (no cloak)
rCorr   .          Rampage  .   (no gloves)
Will    .....                   (boots unavailable)
Stlth   +.........              (no amulet)
HPRegen 0.21/turn               (no ring)
MPRegen 0.15/turn               (no ring)

@: fiery-armoured, flying quickly and evasively, mesmerised, glowing, studying
Fighting, quick
A: beak, talons 3, nimble flight
a: Renounce Religion, Fiery Armour, Foxfire Swarm, Rising Flame


You were on level 7 of the Dungeon.
You worshipped Ignis.
Ignis was extremely pleased with you.
You visited 1 branch of the dungeon, and saw 7 of its levels.
You also visited: Sewer.

You collected 298 gold pieces.

Inventory:

Hand Weapons
 b - a +0 hand axe
 s - a +1 vorpal hand axe (weapon)
Missiles
 u - 3 boomerangs of dispersal
Armour
 a - a +0 robe
 d - a +0 leather armour (worn)
 t - the +7 Kryia's mail coat {PotionHeal*2 rC+}
   (You found it on level 4 of the Dungeon)

   Potions are twice as effective at healing its wearer.
   rC:        It protects you from cold.
 A - an orb of light (worn)
Magical Staves
 h - a staff of earth
Wands
 g - a wand of flame (7)
 r - a wand of iceblast (7)
Scrolls
 c - 4 scrolls of acquirement
 e - a scroll of vulnerability
 l - 2 scrolls of noise
 n - 2 scrolls of fog {unknown}
 p - 2 scrolls of fear {unknown}
 v - 2 scrolls of teleportation
 x - a scroll of blinking
 y - a scroll of amnesia
 z - a scroll of summoning
Potions
 f - 5 potions of might {unknown}
 i - 2 potions of lignification
 j - a potion of mutation {unknown}
 k - 2 potions of degeneration
 m - 2 potions of magic {unknown}
 o - 7 potions of flight
 q - a potion of ambrosia
 w - a potion of haste
 B - a potion of brilliance {unknown}
 C - a potion of curing {unknown}
 D - a potion of heal wounds {unknown}


   Skills:
 + Level 13.2 Fighting
 - Level 2.0 Armour
 - Level 2.1 Dodging
 - Level 2.0 Stealth
 - Level 5.0 Spellcasting
 - Level 7.1 Conjurations
 + Level 0.4 Translocations
 - Level 5.0 Air Magic
 + Level 0.2 Evocations


You had 8 spell levels left.
You knew the following spells:

 Your Spells              Type           Power      Damage    Failure   Level
a - Magic Dart            Conj           100%       1d8       1%          1
c - Searing Ray           Conj           76%        2d7       1%          2
i - Iskenderun's Mystic   Conj/Tloc      23%        2d6       28%         4
s - Swiftness             Air            28%        N/A       4%          3

Your spell library contained the following spells:

 Spells                   Type           Power      Damage    Failure   Level
 Shock                    Conj/Air       100%       1d9       1%          1
 Dazzling Flash           Conj/Hex       44%        N/A       10%         3
 Beastly Appendage        Tmut           10%        N/A       13%         1
 Airstrike                Air            14%        N/A       17%         4
 Wereblood                Tmut           5%         N/A       21%         2
 Fulminant Prism          Conj/Hex       11%        3d9       30%         4
 Spider Form              Tmut/Pois      5%         N/A       36%         3
 Petrify                  Tmut/Erth      5%         N/A       78%         4
 Metabolic Englaciation   Hex/Ice        2%         N/A       98%         5
 Statue Form              Tmut/Erth      3%         N/A       100%        6


Dungeon Overview and Level Annotations

Branches:
Dungeon (7/15)              Sewer (visited)
 Temple: D:4-7

Altars:
Ashenzari
Cheibriados
Sif Muna
Zin
Ignis

Shops:
D:1 ?

Annotations:
D:7 Maggie


Innate Abilities, Weirdness & Mutations

You have a beak for a mouth.
You have claws for feet.
Your magical nature lets you fly swiftly and evasively.


Message History

Your surroundings seem slightly different.
Maggie mumbles some strange words.
Maggie draws you further into her thrall.
Casting: Searing Ray (safe; 1% risk of failure)
Confirm with . or Enter, or press ? or * to list all spells.
Aiming: Searing Ray (safe; 1% risk of failure)
Press: ? - help, Shift-Dir - straight line, f/p - Maggie
Aim: Maggie, wielding a +0 glaive and wearing +0 steam dragon scales (heavily wounded, mesmerising, fast, haloed, 85% to hit)
Okay, then.
Casting: Searing Ray (safe; 1% risk of failure)
Confirm with . or Enter, or press ? or * to list all spells.
Okay, then.
Casting: Searing Ray (safe; 1% risk of failure)
Confirm with . or Enter, or press ? or * to list all spells.
Aiming: Searing Ray (safe; 1% risk of failure)
Press: ? - help, Shift-Dir - straight line, f/p - Maggie
Aim: Maggie, wielding a +0 glaive and wearing +0 steam dragon scales (heavily wounded, mesmerising, fast, haloed, 85% to hit)
The searing ray misses Maggie. (Press . to maintain the ray.) Maggie hits you with a +0 glaive!!
Maggie hits you but does no damage.
The searing ray hits Maggie.
Maggie is heavily wounded.
Maggie hits you with a +0 glaive!!
* * * LOW HITPOINT WARNING * * *
Unknown command.
Okay, then.
A protective cloak of flame settles atop you.
Maggie gestures wildly while chanting.
Maggie draws you further into her thrall.
Maggie misses you.
Casting: Searing Ray (safe; 1% risk of failure)
Confirm with . or Enter, or press ? or * to list all spells.
Aiming: Searing Ray (safe; 1% risk of failure)
Press: ? - help, Shift-Dir - straight line, f/p - Maggie
Aim: Maggie, wielding a +0 glaive and wearing +0 steam dragon scales (heavily wounded, mesmerising, fast, haloed, 85% to hit)
The searing ray hits Maggie!
Maggie is severely wounded. (Press . to maintain the ray.) Maggie hits you with a +0 glaive!
You die...

..## .#.# ...# <#.#
..# .#.# ##.##...####
#..........#
####..........#
......@.......#
#...@......#
##.######.##
####.....# #....###.#
#.##...# ##
####.#....#.# .##
#......_.......
..######.#.#....#.##..
.........#.#...##.#


You could see Maggie (mesmerising, fast).

Vanquished Creatures
  A two-headed ogre (D:6)
  A troll (D:6)
  An orc warrior (D:6)
  2 sky beasts
  2 ogres
  2 centaurs (D:6)
  2 bullfrogs (D:6)
  A scorpion (D:4)
  A water moccasin skeleton (D:5)
  3 hounds
  An orc priest (D:5)
  2 bullfrog skeletons
  A jelly (D:6)
  A centaur skeleton (D:7)
  An iguana (D:6)
  A gnoll shaman (D:5)
  8 adders
  9 gnolls
  2 river rats (Sewer)
  A shadow imp (D:6)
  A white imp (D:6)
  3 ufetubi
  6 worms
  3 dart slugs
  6 orcs
  17 ball pythons
  12 bats
  11 endoplasms
  A giant cockroach (D:1)
  6 goblins
  8 hobgoblins
  18 jackals
  7 quokkas
  3 frilled lizards (Sewer)
  5 kobolds
  6 rats
156 creatures vanquished.

Notes
Turn   | Place    | Note
-------+----------+-------------------------------------------
     0 | D:1      | shoop the Tengu Conjurer began the quest for the Orb.
     0 | D:1      | Reached XP level 1. HP: 10/10 MP: 4/4
   197 | D:1      | Reached XP level 2. HP: 15/15 MP: 3/6
   316 | D:1      | Found Unyttess's Magic Scroll Boutique.
   804 | D:1      | Reached XP level 3. HP: 19/19 MP: 5/7
   971 | D:1      | Learned a level 2 spell: Searing Ray
  1461 | D:2      | Reached XP level 4. HP: 24/24 MP: 5/8
  1555 | D:2      | Reached skill level 1 in Armour
  1640 | D:2      | Found a faded altar of an unknown god.
  1651 | D:2      | Prayed at the altar of an unknown god.
  1651 | D:2      | Became a worshipper of Ignis, the Dying Flame
  2478 | D:3      | Found a faded altar of an unknown god.
  2482 | D:3      | Found a snail-covered altar of Cheibriados.
  2722 | D:3      | Gained mutation: Your magical nature lets you fly swiftly
                  | and evasively. [Tengu growth]
  2722 | D:3      | Reached XP level 5. HP: 28/28 MP: 6/10
  2759 | D:3      | Found a shimmering blue altar of Sif Muna.
  2862 | D:3      | Learned a level 3 spell: Swiftness
  3192 | D:4      | Reached skill level 1 in Air Magic
  3378 | D:4      | Noticed a phantom
  3700 | D:4      | Noticed an ogre
  3707 | D:4      | Killed an ogre
  3708 | D:4      | Reached XP level 6. HP: 32/32 MP: 7/12
  3876 | D:4      | Found the +7 Kryia's mail coat {PotionHeal*2 rC+}
  4261 | D:5      | Entered Level 5 of the Dungeon
  4406 | D:5      | Reached XP level 7. HP: 36/36 MP: 7/14
  4630 | D:5      | Reached skill level 5 in Air Magic
  4788 | D:5      | Found a glowing drain.
  4799 | Sewer    | Entered a sewer
  5421 | Sewer    | Reached skill level 1 in Fighting
  5668 | Sewer    | Reached skill level 5 in Spellcasting
  5669 | Sewer    | Reached skill level 2 in Fighting
  5801 | D:5      | Found a broken altar of Ashenzari.
  6054 | D:6      | Reached skill level 3 in Fighting
  6121 | D:5      | Reached skill level 4 in Fighting
  6302 | D:6      | Reached skill level 5 in Fighting
  6304 | D:6      | Reached XP level 8. HP: 42/51 MP: 9/16
  6307 | D:6      | Noticed a two-headed ogre
  6368 | D:6      | Reached skill level 6 in Fighting
  6583 | D:6      | Reached skill level 7 in Fighting
  6909 | D:6      | Reached skill level 8 in Fighting
  7065 | D:6      | Killed a two-headed ogre
  7066 | D:6      | Reached skill level 11 in Fighting
  7066 | D:6      | Reached XP level 9. HP: 65/65 MP: 7/17
  7247 | D:6      | Noticed a troll
  7257 | D:6      | Reached skill level 12 in Fighting
  7666 | D:6      | Killed a troll
  7667 | D:6      | Reached skill level 13 in Fighting
  7770 | D:6      | Learned a level 4 spell: Iskenderun's Mystic Blast
  8310 | D:7      | Found a glowing silver altar of Zin.
  8324 | D:7      | Noticed Maggie
  8328 | D:7      | Identified 4 scrolls of acquirement
  8336 | D:7      | Slain by Maggie

Illustrated notes

Levels and vault maps discovered:
D:1:      minmay_arrival_shattered_statue, layout_loops_ring, serial_shops,
          nicolae_shop_window_shopping
D:2:      layout_basic, shapermc_ecumenical_altar_starsandcircs
D:3:      layout_loops_ring, marbit_many_paths,
          nicolae_overflow_ecumenical_swirl, minivault_25,
          minmay_misc_feat_alley
D:4:      layout_rooms, hangedman_decor_growths
D:5:      layout_basic, ashenzari_altar_1, cheibrodos_sewer_entry_drain,
          hex_intersection, minmay_manual_mullet
D:6:      layout_basic, chequers_serial_rivers_small_b, moated_statue
D:7:      layout_rooms, nicolae_overflow_crystal_walls,
          nzn_wu_jian_council_hall, minmay_temple_entry_mist, uniq_maggie,
          uniq_harold

Skill      XL: |  1  2  3  4  5  6  7  8  9 |
---------------+----------------------------+-----
Conjurations   | 6 7 |  7.1
Armour         | 1 2 |  2.0
Spellcasting   | 3 4 5 |  5.0
Air Magic      | 3 4 5 |  5.0
Fighting       | 5 11 13 | 13.2
Dodging        | |  2.1
Stealth        | |  2.0
Translocations | |  0.4
Evocations     | |  0.2

Action                   |  1- 3 |  4- 6 |  7- 9 || total
-------------------------+-------+-------+-------++-------
Melee: Unarmed           |     3 |       |       ||     3
       Peck              |     1 |       |     1 ||     2
       Hand axe          |       |       |     6 ||     6
       Kick              |       |       |     2 ||     2
 Cast: Magic Dart        |    68 |    93 |   107 ||   268
       Searing Ray       |       |     8 |    44 ||    52
       Swiftness         |       |     1 |       ||     1
Invok: Fiery Armour      |       |       |     1 ||     1
  Use: Scroll            |       |       |     8 ||     8
Armor: Robe              |     3 |       |       ||     3
       Leather armour    |       |     5 |     8 ||    13
Dodge: Dodged            |     9 |    14 |    42 ||    65

Table legend: (Time is in decaauts)
 A = Elapsed time spent in this place.
 B = Non-inter-level travel time spent in this place.
 C = Inter-level travel time spent in this place.
 D = Time resting spent in this place.
 E = Time spent auto-exploring this place.
 F = Levels seen in this place.
 G = Mean time per level.
                   A        B        C        D        E       F      G
               +--------+--------+--------+--------+--------+-----+--------+
         Total |   8065 |   7785 |    280 |    644 |   5937 |   8 | 1008.1 |
       Dungeon |   7135 |   6855 |    280 |    644 |   5150 |   7 | 1019.3 |
         Sewer |    930 |    930 |      0 |      0 |    787 |   1 |  930.0 |
               +--------+--------+--------+--------+--------+-----+--------+

Top non-repeatable levels by time:
     D:6: 1523 daAuts
     D:1: 1363 daAuts
     D:5: 1325 daAuts
     D:4: 1004 daAuts
     D:3: 978 daAuts
   Sewer: 930 daAuts
     D:2: 826 daAuts
     D:7: 114 daAuts
